Map: Abyssal Reef LE

Players

JimRising - Winner!

  • Race: Zerg Zerg
  • League: Grandmaster
  • Spawn Location: 11:00

GAMETIME

  • Race: Zerg Zerg
  • League: Grandmaster
  • Spawn Location: 5:00

VOD

Have the link to the VOD?

Description

Time

  • Played on: Jan. 2, 2018, 11:42 p.m.
  • Length: 9:37
Show
View Real Time Build Order
Export as new Build Order

JimRising Zerg - Winner!

Build Orders: Pool First 

Get SALT Encoding   

  12  0:01  Drone  
  13  0:12  Overlord  
  13  0:17  Drone  
  14  0:31  Drone x2  
  16  0:42  Spawning Pool  
  15  0:47  Drone  
  15  0:48  Drone  
  17  0:59  Drone  
  18  1:14  Hatchery  
  18  1:17  Drone  
  18  1:20  Extractor  
  17  1:28  Queen  
  17  1:31  Zergling x2  
  20  1:34  Drone  
  21  1:40  Overlord  
  21  1:50  Drone  
  22  2:01  Drone  
  22  2:04  Queen  
  25  2:11  Drone  
  26  2:22  Drone  
  27  2:27  Drone  
  28  2:32  Queen  
  28  2:33  Metabolic Boost  
  28  2:36  Drone x3  
  32  2:38  Drone  
  33  2:46  Baneling Nest  
  33  2:49  Zergling x2  
  33  2:53  Overlord  
  33  2:56  Zergling x2  
  34  3:03  Drone  
  35  3:15  Drone x3  
  35  3:19  Overlord  
  38  3:21  Overlord  
  38  3:22  Drone x3  
  41  3:30  Baneling x3  
  41  3:32  Zergling x2  
  42  3:37  Zergling x2  
  43  3:44  Zergling x6  
  43  3:45  Zergling x2  
  47  3:55  Zergling x6  
  49  4:01  Drone x2  
  43  4:04  Drone  
  43  4:05  Baneling x3  
  43  4:09  Drone  
  44  4:18  Hatchery  
  44  4:19  Drone  
  44  4:20  Drone  
  45  4:28  Drone  
  46  4:38  Zergling x10  
  42  4:54  Zergling x4  
  42  4:57  Queen  
  42  4:59  Zergling x4  
  43  5:00  Queen  
  43  5:03  Zergling x10  
  48  5:09  Baneling  
  48  5:10  Zergling x2, Baneling x2  
  48  5:13  Baneling x2  
  48  5:17  Zergling x4  
  47  5:30  Queen  
  47  5:31  Zergling x4  
  47  5:33  Queen  
  47  5:34  Baneling x2  
  51  5:36  Drone x3  
  54  5:45  Baneling  
  54  5:46  Baneling  
  53  5:54  Baneling  
  53  5:55  Baneling  
  53  5:56  Queen  
  54  6:01  Drone x4  
  54  6:02  Overlord, Drone  
  59  6:09  Baneling  
  59  6:11  Drone x3  
  61  6:23  Zergling x4  
  61  6:24  Zergling x2  
  61  6:25  Baneling x3  
  63  6:32  Zergling x8  
  61  6:33  Queen, Zergling x6  
  61  6:37  Zergling x4  
  67  6:40  Zergling x4  
  67  6:41  Zergling x6  
  66  6:51  Baneling x2  
  66  6:52  Drone x3  
  67  6:57  Extractor  
  67  6:58  Extractor  
  65  7:07  Drone x5  
  65  7:08  Drone x4  
  66  7:15  Drone x2  
  68  7:20  Baneling x5  
  68  7:22  Drone x2  
  69  7:29  Overlord  
  67  7:30  Overlord x2  
  61  7:47  Zergling x12  
  61  7:48  Zergling x8  
  67  7:51  Roach Warren, Lair  
  67  7:52  Drone  
  67  7:57  Drone, Spine Crawler  
  67  7:59  Extractor  
  66  8:06  Baneling x3  
  66  8:08  Overlord, Spine Crawler  
  65  8:19  Overlord  
  65  8:31  Roach  
  65  8:32  Roach x9  
  85  8:35  Roach  
  85  8:41  Zergling x2, Roach x2  
  91  8:42  Zergling x8  
  95  8:52  Roach x3  
  96  8:56  Zergling x2, Roach x2  
  96  8:57  Zergling x2  
  96  8:59  Zergling x2  
  96  9:00  Zergling x6  
  100  9:06  Drone x3  
  98  9:12  Zergling x2  
  98  9:13  Zergling x2  
Show
View Real Time Build Order
Export as new Build Order

GAMETIME Zerg 

Build Orders: Hatch First, Zergling Baneling 

Get SALT Encoding   

  12  0:00  Drone  
  13  0:08  Drone  
  14  0:18  Overlord  
  14  0:26  Drone, Extractor  
  15  0:37  Drone x2  
  17  0:55  Drone, Hatchery  
  17  0:59  Drone  
  18  1:09  Extractor  
  17  1:14  Spawning Pool  
  17  1:17  Drone  
  17  1:20  Drone  
  18  1:27  Drone  
  19  1:37  Overlord  
  21  2:01  Zergling x4  
  21  2:02  Queen  
  21  2:07  Queen  
  21  2:08  Zergling x2  
  26  2:10  Metabolic Boost  
  26  2:13  Drone  
  27  2:18  Drone  
  27  2:20  Drone  
  29  2:30  Drone  
  29  2:31  Drone  
  31  2:38  Baneling Nest  
  31  2:40  Drone  
  31  2:42  Drone  
  32  2:52  Overlord  
  32  2:53  Drone  
  33  3:04  Hatchery  
  31  3:09  Drone  
  31  3:11  Drone  
  31  3:12  Overlord  
  33  3:17  Zergling x2  
  33  3:18  Zergling x4  
  36  3:21  Zergling x2  
  36  3:23  Zergling x2  
  36  3:24  Baneling  
  36  3:25  Baneling  
  36  3:26  Baneling  
  38  3:27  Baneling  
  38  3:29  Zergling x2  
  38  3:32  Zergling x2  
  38  3:33  Zergling x2  
  41  3:38  Zergling x2  
  41  3:39  Baneling  
  42  3:44  Overlord  
  42  3:45  Zergling x2  
  42  3:48  Zergling x2  
  40  4:05  Zergling x12  
  43  4:14  Baneling x2  
  43  4:16  Drone x2  
  45  4:17  Drone  
  45  4:19  Queen  
  48  4:26  Zergling x2  
  48  4:27  Baneling x2  
  48  4:28  Baneling  
  48  4:30  Overlord  
  48  4:31  Zergling x2  
  48  4:38  Zergling x4  
  50  4:42  Zergling x2  
  50  4:43  Zergling x6  
  50  4:54  Zergling x8  
  50  4:59  Zergling x4  
  53  5:03  Zergling x4  
  51  5:09  Zergling x2  
  51  5:10  Zergling x2, Baneling x2  
  51  5:11  Baneling, Zergling x4  
  51  5:12  Zergling x4, Baneling  
  51  5:13  Zergling x2  
  56  5:23  Zergling x6  
  56  5:24  Queen  
  59  5:32  Zergling x2  
  59  5:33  Baneling x2  
  59  5:34  Zergling x4  
  59  5:35  Zergling x2  
  61  5:46  Zergling x6  
  62  5:55  Baneling x3  
  59  5:57  Zergling x2  
  59  5:58  Zergling x10  
  59  6:04  Extractor x2  
  62  6:11  Overlord x2  
  62  6:13  Drone x2  
  62  6:14  Drone  
  65  6:21  Baneling x2  
  55  6:38  Drone x2  
  55  6:39  Drone x11  
  65  6:43  Zergling x4  
  60  6:50  Roach Warren, Zergling x2  
  60  6:52  Zergling x2  
  56  6:57  Zergling x2  
  56  7:01  Zergling x4  
  59  7:07  Zergling x2  
  59  7:11  Overlord x3  
  59  7:12  Baneling  
  59  7:18  Overlord x2  
  59  7:22  Baneling x2  
  56  7:31  Roach  
  56  7:32  Roach x4  
  64  7:39  Roach x2  
  64  7:40  Roach  
  64  7:43  Roach  
  68  7:44  Roach  
  68  7:47  Roach  
  68  7:51  Roach  
  61  7:53  Ravager x2  
  61  7:54  Ravager  
  61  7:58  Zergling x2  
  65  8:00  Zergling x2  
  65  8:01  Zergling x2  
  65  8:04  Zergling x2  
  68  8:10  Zergling x4  
  71  8:12  Zergling x2  
  71  8:15  Zergling x2  
  71  8:18  Baneling x2  
  72  8:21  Zergling x2  
  72  8:22  Zergling x2  
  72  8:24  Ravager  
  75  8:27  Zergling x2  
  75  8:28  Zergling x2  
  75  8:30  Baneling  
  75  8:31  Baneling  
  75  8:32  Zergling x2  
  75  8:34  Baneling  
  78  8:35  Baneling  
  78  8:39  Zergling x4  
  80  8:43  Zergling x2  
  78  8:51  Zergling x2  
  72  8:57  Zergling x2  
  72  8:58  Zergling x10  
  73  9:06  Zergling x6  
  67  9:12  Zergling x4  
Tags
 
Add a new tag
Caveats
  • Supply blocks, unpowered buildings, or Contaminate may cause inaccurate times.
  • Supply counts are checked every 10 seconds.